CCBL
BREWSTER WHITECAPS @ YARMOUTH-DENNIS RED SOX
04/24/2060
 
TOP OF THE 1ST
Brewster Whitecaps batting - Pitching for Yarmouth-Dennis Red Sox : RHP Zac Goodemote
Pitching: RHP Zac Goodemote
Batting: LHB Bubba Castaneda 0-0: Ball
1-0: Ball
2-0: Called Strike
2-1: Ball
3-1: Base on Balls
Batting: RHB Logan Novak 0-0: Ball
Bubba Castaneda steals 2nd base
1-0: Called Strike
1-1: Fly out, F9 (Flyball, 89M, EV 85.6 MPH)
Batting: SHB Jayson Mitchell 0-0: Ground out 6-3 (Groundball, P, EV 93.1 MPH)
Bubba Castaneda to third
Batting: RHB Andy Lurie 0-0: Ball
1-0: Ball
2-0: Foul Ball, location: 2F
2-1: Foul Ball, location: 2F
2-2: DOUBLE (Flyball, 8LXD, EV 109.4 MPH)
Bubba Castaneda scores
Batting: RHB Alfonso Bustillos 0-0: Ball
1-0: Called Strike
1-1: Called Strike
1-2: Foul Ball, location: 2F
1-2: Ground out 4-3 (Groundball, 4M, EV 81.2 MPH)
Top of the 1st over - 1 run, 1 hit, 0 errors, 1 left on base; Brewster 1 - Yarmouth-Dennis 0
BOTTOM OF THE 1ST
Yarmouth-Dennis Red Sox batting - Pitching for Brewster Whitecaps : RHP Reid Miedema
Pitching: RHP Reid Miedema
Batting: RHB David Saur 0-0: Called Strike
0-1: Ball
1-1: Ball
2-1: SINGLE (Line Drive, 78M, EV 108.8 MPH)
Batting: LHB Sebastian Rogan 0-0: Ball
David Saur steals 2nd base
1-0: Ball
2-0: Foul Ball, location: 2F
2-1: Ball
3-1: Swinging Strike
3-2: 2-RUN HOME RUN (Flyball, 9D, EV 96.2 MPH), Distance : 352 ft
Batting: LHB Alex Cain 0-0: Foul Ball, location: 2F
0-1: Called Strike
0-2: Strikes out swinging
Batting: LHB Montell Johnson 0-0: Called Strike
0-1: Foul Ball, location: 2F
0-2: Ball
1-2: Ball
2-2: Foul Ball, location: 2F
2-2: Fly out, F9 (Flyball, 9D, EV 97.5 MPH)
Batting: RHB Kevin Mills 0-0: Ball
1-0: Ball
2-0: Ball
3-0: Called Strike
3-1: Base on Balls
Batting: LHB Devin Chapman 0-0: Ball
1-0: Foul Ball, location: 2F
1-1: Ball
2-1: Fly out, F6 (Popup, 6, EV 69.4 MPH)
Bottom of the 1st over - 2 runs, 2 hits, 0 errors, 1 left on base; Brewster 1 - Yarmouth-Dennis 2
TOP OF THE 2ND
Brewster Whitecaps batting - Pitching for Yarmouth-Dennis Red Sox : RHP Zac Goodemote
Batting: LHB Blake Meyer 0-0: Called Strike
0-1: Foul Ball, location: 2F
0-2: Ball
1-2: Ball
2-2: Ball
3-2: Foul Ball, location: 2F
3-2: Strikes out swinging
Batting: RHB Sebastian Baker 0-0: Ground out 5-3 (Groundball, 56S, EV 86.2 MPH)
Batting: LHB Deonta Christopher 0-0: Called Strike
0-1: Ball
1-1: Swinging Strike
1-2: Ball
2-2: Strikes out swinging
Top of the 2nd over - 0 runs, 0 hits, 0 errors, 0 left on base; Brewster 1 - Yarmouth-Dennis 2
BOTTOM OF THE 2ND
Yarmouth-Dennis Red Sox batting - Pitching for Brewster Whitecaps : RHP Reid Miedema
Batting: RHB Aaron Hede 0-0: Called Strike
0-1: SINGLE (Line Drive, 7LS, EV 93.1 MPH)
Batting: RHB Lucas Plouffe 0-0: Ball
1-0: Fielders Choice at 2nd, 1-6 (Groundball, 34S, EV 76.9 MPH)
Batting: RHB Rob Stylianou 0-0: Foul Ball, location: 2F
0-1: Ball
1-1: SINGLE (Flyball, 34D, EV 86.2 MPH)
Lucas Plouffe to second
Batting: RHB David Saur 0-0: Called Strike
0-1: Foul Ball, location: 2F
0-2: Fly out, F4 (Line Drive, 4, EV 59.4 MPH)
Batting: LHB Sebastian Rogan 0-0: Called Strike
0-1: Ground out 1-3 (Groundball, 34S, EV 63.1 MPH)
Bottom of the 2nd over - 0 runs, 2 hits, 0 errors, 2 left on base; Brewster 1 - Yarmouth-Dennis 2
TOP OF THE 3RD
Brewster Whitecaps batting - Pitching for Yarmouth-Dennis Red Sox : RHP Zac Goodemote
Batting: RHB Jayvin Chavez 0-0: SINGLE (Flyball, 3D, EV 91.9 MPH)
Batting: LHB Bubba Castaneda 0-0: Called Strike
0-1: Foul Ball, location: 2F
0-2: Ball
1-2: Ball
2-2: Strikes out looking
Batting: RHB Logan Novak 0-0: Ball
Jayvin Chavez steals 2nd base
1-0: Ground out 5-3 (Groundball, 5, EV 105.0 MPH)
Batting: SHB Jayson Mitchell 0-0: Ball
Wild Pitch!
Jayvin Chavez to third
1-0: Foul Ball, location: 2F
1-1: Ball
2-1: Fly out, F5 (Popup, 5S, EV 78.8 MPH)
Top of the 3rd over - 0 runs, 1 hit, 0 errors, 1 left on base; Brewster 1 - Yarmouth-Dennis 2
BOTTOM OF THE 3RD
Yarmouth-Dennis Red Sox batting - Pitching for Brewster Whitecaps : RHP Reid Miedema
Batting: LHB Alex Cain 0-0: Ball
1-0: Called Strike
1-1: Called Strike
1-2: Ground out 3-1 (Groundball, 34, EV 84.4 MPH)
Batting: LHB Montell Johnson 0-0: Ball
1-0: Ball
2-0: Ground out U3 (Groundball, 34, EV 96.9 MPH)
Batting: RHB Kevin Mills 0-0: Ball
1-0: Swinging Strike
1-1: Fly out, F7 (Line Drive, 7S, EV 100.0 MPH)
Bottom of the 3rd over - 0 runs, 0 hits, 0 errors, 0 left on base; Brewster 1 - Yarmouth-Dennis 2
TOP OF THE 4TH
Brewster Whitecaps batting - Pitching for Yarmouth-Dennis Red Sox : RHP Zac Goodemote
Batting: RHB Andy Lurie 0-0: Ball
1-0: Called Strike
1-1: Ball
2-1: Ball
3-1: Base on Balls
Batting: RHB Alfonso Bustillos 0-0: Called Strike
0-1: Ball
1-1: Ball
2-1: Fly out, F8 (Flyball, 8RM, EV 81.9 MPH)
Batting: LHB Blake Meyer 0-0: Foul Ball, location: 2F
0-1: Swinging Strike
0-2: Foul Ball, location: 2F
0-2: Foul Ball, location: 2F
0-2: Foul Ball, location: 2F
0-2: Ball
1-2: Strikes out swinging
Batting: RHB Sebastian Baker 0-0: Swinging Strike
0-1: Ball
1-1: Swinging Strike
1-2: Fly out, F9 (Flyball, 9, EV 81.9 MPH)
Top of the 4th over - 0 runs, 0 hits, 0 errors, 1 left on base; Brewster 1 - Yarmouth-Dennis 2
BOTTOM OF THE 4TH
Yarmouth-Dennis Red Sox batting - Pitching for Brewster Whitecaps : RHP Reid Miedema
Batting: LHB Devin Chapman 0-0: Ball
1-0: Ball
2-0: Called Strike
2-1: Foul Ball, location: 2F
2-2: Strikes out looking
Batting: RHB Aaron Hede 0-0: Ball
1-0: Foul Ball, location: 2F
1-1: Swinging Strike
1-2: Fly out, F6 (Popup, 15S, EV 85.6 MPH)
Batting: RHB Lucas Plouffe 0-0: Foul Ball, location: 2F
0-1: SINGLE (Line Drive, 89S, EV 101.2 MPH)
Batting: RHB Rob Stylianou 0-0: Ball
1-0: Ball
2-0: Called Strike
Lucas Plouffe steals 2nd base
2-1: SINGLE (Groundball, 6M, EV 100.0 MPH) (infield hit)
Lucas Plouffe to third
Batting: RHB David Saur 0-0: Called Strike
0-1: Foul Ball, location: 2F
0-2: Ball
1-2: Ball
2-2: DOUBLE (Groundball, 5L, EV 103.8 MPH)
Lucas Plouffe scores
Rob Stylianou to third
Runner from 3rd tries for Home, SAFE, throw by LF to trailing runner, OUT at third! 7-3-5
Bottom of the 4th over - 2 runs, 3 hits, 0 errors, 0 left on base; Brewster 1 - Yarmouth-Dennis 4
TOP OF THE 5TH
Brewster Whitecaps batting - Pitching for Yarmouth-Dennis Red Sox : RHP Zac Goodemote
Batting: LHB Deonta Christopher 0-0: Fly out, F8 (Flyball, 8LD, EV 101.2 MPH)
Batting: RHB Jayvin Chavez 0-0: Ball
1-0: Foul Ball, location: 2F
1-1: Ball
2-1: Ball
3-1: Called Strike
3-2: Base on Balls
Batting: LHB Bubba Castaneda 0-0: Foul Ball, location: 2F
0-1: Ball
Jayvin Chavez steals 2nd base
1-1: Ball
2-1: Ground out 5-3 (Groundball, 5, EV 98.1 MPH)
Batting: RHB Logan Novak 0-0: Ball
1-0: Foul Ball, location: 2F
1-1: Ground out 3-1 (Groundball, 34, EV 81.2 MPH)
Top of the 5th over - 0 runs, 0 hits, 0 errors, 1 left on base; Brewster 1 - Yarmouth-Dennis 4
BOTTOM OF THE 5TH
Yarmouth-Dennis Red Sox batting - Pitching for Brewster Whitecaps : RHP Reid Miedema
Pitching: RHP Jovany Vilchez
Batting: LHB Sebastian Rogan 0-0: Ball
1-0: Foul Ball, location: 2F
1-1: Foul Ball, location: 2F
1-2: Ball
2-2: Ball
3-2: Strikes out swinging
Batting: LHB Alex Cain 0-0: Called Strike
0-1: Foul Ball, location: 2F
0-2: Fly out, F7 (Flyball, 7LM, EV 80.6 MPH)
Batting: LHB Montell Johnson 0-0: Swinging Strike
0-1: Foul Ball, location: 2F
0-2: Ball
1-2: Foul Ball, location: 2F
1-2: Fly out, F9 (Flyball, 9, EV 91.9 MPH)
Bottom of the 5th over - 0 runs, 0 hits, 0 errors, 0 left on base; Brewster 1 - Yarmouth-Dennis 4
TOP OF THE 6TH
Brewster Whitecaps batting - Pitching for Yarmouth-Dennis Red Sox : RHP Zac Goodemote
Batting: SHB Jayson Mitchell 0-0: Ball
1-0: Called Strike
1-1: Foul Ball, location: 2F
1-2: Foul Ball, location: 2F
1-2: Fly out, F7 (Flyball, 78M, EV 85.0 MPH)
Batting: RHB Andy Lurie 0-0: DOUBLE (Flyball, 78XD, EV 115.0 MPH)
Batting: RHB Alfonso Bustillos 0-0: Swinging Strike
0-1: Ground out 6-3 (Groundball, 6D, EV 97.5 MPH)
Pitching: RHP Peter Swoffer
Batting: LHB Blake Meyer 0-0: Fly out, F5 (Popup, 5F, EV 58.8 MPH)
Top of the 6th over - 0 runs, 1 hit, 0 errors, 1 left on base; Brewster 1 - Yarmouth-Dennis 4
BOTTOM OF THE 6TH
Yarmouth-Dennis Red Sox batting - Pitching for Brewster Whitecaps : RHP Jovany Vilchez
Batting: RHB Kevin Mills 0-0: Ground out 4-3 (Groundball, 4, EV 90.6 MPH)
Batting: LHB Devin Chapman 0-0: Ball
1-0: Ground out 1-3 (Groundball, 13S, EV 73.8 MPH)
Batting: RHB Aaron Hede 0-0: Ball
1-0: Called Strike
1-1: Ground out 4-3 (Groundball, 4S, EV 71.2 MPH)
Bottom of the 6th over - 0 runs, 0 hits, 0 errors, 0 left on base; Brewster 1 - Yarmouth-Dennis 4
TOP OF THE 7TH
Brewster Whitecaps batting - Pitching for Yarmouth-Dennis Red Sox : RHP Peter Swoffer
Batting: RHB Sebastian Baker 0-0: Called Strike
0-1: Swinging Strike
0-2: Ball
1-2: Fly out, F8 (Flyball, 8RS, EV 85.0 MPH)
Batting: LHB Deonta Christopher 0-0: Ball
1-0: Ball
2-0: Foul Ball, location: 2F
2-1: Foul Ball, location: 2F
2-2: Foul Ball, location: 2F
2-2: Strikes out looking
Batting: RHB Jayvin Chavez 0-0: SINGLE (Line Drive, 9LS, EV 97.5 MPH)
Batting: LHB Bubba Castaneda 0-0: Called Strike
0-1: Ball
1-1: Ball
2-1: Fielders Choice at 2nd, 6-4 (Groundball, 6, EV 78.8 MPH)
Top of the 7th over - 0 runs, 1 hit, 0 errors, 1 left on base; Brewster 1 - Yarmouth-Dennis 4
BOTTOM OF THE 7TH
Yarmouth-Dennis Red Sox batting - Pitching for Brewster Whitecaps : RHP Jovany Vilchez
Batting: RHB Lucas Plouffe 0-0: Called Strike
0-1: SINGLE (Groundball, 6S, EV 72.5 MPH) (infield hit)
Pitching: RHP Mason Parker
Batting: RHB Rob Stylianou 0-0: Ball
1-0: Fly out, F9 (Flyball, 9D, EV 103.8 MPH)
Batting: RHB David Saur 0-0: Called Strike
0-1: Fly out, F9 (Line Drive, 9, EV 96.9 MPH)
Batting: LHB Sebastian Rogan 0-0: Ball
1-0: Ball
2-0: Ball
3-0: Called Strike
3-1: Ground out 1-3 (Groundball, 13S, EV 63.8 MPH)
Bottom of the 7th over - 0 runs, 1 hit, 0 errors, 1 left on base; Brewster 1 - Yarmouth-Dennis 4
TOP OF THE 8TH
Brewster Whitecaps batting - Pitching for Yarmouth-Dennis Red Sox : RHP Peter Swoffer
Pitching: RHP Dave Files
Batting: RHB Logan Novak 0-0: Ball
1-0: Foul Ball, location: 2F
1-1: Ball
2-1: Ball
3-1: Swinging Strike
3-2: Strikes out looking
Batting: SHB Jayson Mitchell 0-0: Ball
1-0: Called Strike
1-1: Ball
2-1: Ball
3-1: Foul Ball, location: 2F
3-2: Base on Balls
Batting: RHB Andy Lurie 0-0: Fly out, F7 (Flyball, 78S, EV 86.9 MPH)
Batting: RHB Alfonso Bustillos 0-0: Called Strike
0-1: Foul Ball, location: 2F
0-2: Foul Ball, location: 2F
0-2: Ball
1-2: Strikes out swinging
Top of the 8th over - 0 runs, 0 hits, 0 errors, 1 left on base; Brewster 1 - Yarmouth-Dennis 4
BOTTOM OF THE 8TH
Yarmouth-Dennis Red Sox batting - Pitching for Brewster Whitecaps : RHP Mason Parker
Batting: LHB Alex Cain 0-0: Foul Ball, location: 2F
0-1: Foul Ball, location: 2F
0-2: Ball
1-2: Ball
2-2: DOUBLE (Line Drive, 78XD, EV 110.6 MPH)
Batting: LHB Montell Johnson 0-0: Intentional Walk
Batting: RHB Kevin Mills 0-0: Ball
1-0: Called Strike
1-1: Ball
2-1: Ball
3-1: Called Strike
3-2: Base on Balls
Alex Cain to third
Montell Johnson to second
Batting: LHB Devin Chapman 0-0: Ball
1-0: Called Strike
1-1: Swinging Strike
1-2: Strikes out swinging
Batting: RHB Aaron Hede 0-0: Ball
1-0: Called Strike
1-1: Ball
2-1: Ball
3-1: Foul Ball, location: 2F
3-2: Foul Ball, location: 2F
3-2: SINGLE (Line Drive, 8RS, EV 93.8 MPH)
Alex Cain scores
Montell Johnson to third
Kevin Mills to second
Runner from 3rd tries for Home, SAFE, throw by CF to home
Batting: RHB Lucas Plouffe 0-0: Ball
1-0: Foul Ball, location: 2F
1-1: Foul Ball, location: 2F
1-2: Ball
2-2: Fielders Choice at 2nd, 5-4 (Groundball, 56, EV 101.2 MPH)
Kevin Mills to third
Pitching: RHP Brian Chmelik
Batting: RHB Rob Stylianou 0-0: Swinging Strike
0-1: Ball
1-1: Swinging Strike
1-2: Strikes out swinging
Bottom of the 8th over - 2 runs, 2 hits, 0 errors, 2 left on base; Brewster 1 - Yarmouth-Dennis 6
TOP OF THE 9TH
Brewster Whitecaps batting - Pitching for Yarmouth-Dennis Red Sox : RHP Dave Files
Batting: LHB Blake Meyer 0-0: Called Strike
0-1: Swinging Strike
0-2: Ball
1-2: Ground out 5-3 (Groundball, 56S, EV 72.5 MPH)
Batting: RHB Sebastian Baker 0-0: Ball
1-0: Called Strike
1-1: DOUBLE (Line Drive, 7LM, EV 108.8 MPH)
Batting: LHB Deonta Christopher 0-0: Called Strike
0-1: Called Strike
0-2: Strikes out swinging
Pinch Hitting: SHB Taylor Harp 0-0: Swinging Strike
0-1: Foul Ball, location: 2F
0-2: Strikes out swinging
Top of the 9th over - 0 runs, 1 hit, 0 errors, 1 left on base; Brewster 1 - Yarmouth-Dennis 6
Monday, April 29th , 2024 - OOTP Baseball 23.10 Build 110